 Dungeon Crawl Stone Soup version 0.29-a0-813-g4a14ea37d6 (webtiles) character file.

Game seed: 11843241634260056927

289 iNFECTIOUSiTCH the Sneak (level 6, -4/42 HPs)
             Began as an Octopode Brigand on July 4, 2022.
             Killed from afar by Natasha (7 damage)
             ... with a magic dart
             ... on level 2 of the Dungeon.
             The game lasted 00:03:57 (1419 turns).

iNFECTIOUSiTCH the Sneak (Octopode Brigand)         Turns: 1419, Time: 00:03:58

Health: -4/42      AC:  0    Str: 10    XL:     6   Next: 31%
Magic:  6/6        EV: 21    Int: 14    God:
Gold:   105        SH:  0    Dex: 20    Spells: 5/5 levels left

rFire   + . .      SeeInvis .   (weapon currently unavailable)
rCold   + . .      Faith    .   (shield currently unavailable)
rNeg    . . .      Spirit   .   (helmet currently unavailable)
rPois   +          Reflect  .   (no amulet)
rElec   +          Harm     .   (ring currently unavailable)
rCorr   +          Rampage  .   (ring currently unavailable)
Will    .....                   (ring currently unavailable)
Stlth   ++++......              (ring currently unavailable)
HPRegen 0.14/turn               (ring currently unavailable)
MPRegen 0.10/turn               (ring currently unavailable)
                                (ring currently unavailable)
                                (ring currently unavailable)

@: bat-form, resistant (expiring), flying, slowed, quick
A: fast, flying, no casting, almost no armour, (amphibious), (8 rings), tiny,
(camouflage 1), (gelatinous body 1), (nimble swimmer 1), (tentacles)
a: no special abilities


You were on level 2 of the Dungeon.
You were a bat.
You visited 1 branch of the dungeon, and saw 2 of its levels.

You collected 105 gold pieces.

Inventory:

Hand Weapons
 a - a +2 dagger (melded)
 j - a +0 dagger of speed
 l - a +0 short sword of protection
Missiles
 b - 9 poisoned darts (quivered)
 c - 3 curare-tipped darts
Jewellery
 o - a ring of fire
Wands
 h - a wand of charming (3)
Scrolls
 d - 3 scrolls of teleportation {unknown}
 e - 4 scrolls of identify {unknown}
 i - a scroll of torment {unknown}
 m - a scroll of acquirement {unknown}
Potions
 g - a potion of curing


   Skills:
 + Level 3.1 Fighting
 + Level 3.0 Short Blades
 - Level 2.0 Throwing
 * Level 3.5 Dodging
 * Level 7.4 Stealth


You had 5 spell levels left.
You didn't know any spells.
Your spell library was empty.

Dungeon Overview and Level Annotations

Branches:
Dungeon (2/15)

Altars:
Kikubaaqudgha

Annotations:
D:2 Natasha


Innate Abilities, Weirdness & Mutations

You are a bat.
You are tiny and dextrous.
You move quickly.
You are flying.
Your equipment is almost entirely melded.
You are incapable of wielding weapons or throwing items.
You cannot cast spells.
You cannot wear most types of armour.
((You are amphibious.))
((You can wear up to eight rings at the same time.))
((Your skin changes colour to match your surroundings (Stealth+).))
((Your rubbery body absorbs attacks. (AC +1, EV +1)))
((You are camouflaged when in or above water. (Stealth+)))
((You have tentacles for arms and can constrict up to eight enemies at once.))


Message History

You feel as though you will be slow longer.
Your adder bites Natasha.
Natasha is poisoned.
Your adder poisons Natasha!
Your adder bites the shadow imp but does no damage.
Natasha looks more healthy.
Something hits your adder.
Natasha growls.
Natasha stares at you and mumbles some strange words.
You resist with some effort.
Your adder bites Natasha.
Something barely misses your adder.
Natasha casts a spell.
You don't know any spells.
Press: ? - help, v - describe, . - travel The floor.
Natasha mumbles some strange words.
Your adder closely misses Natasha.
Something hits your adder.
Your adder barely misses Natasha.
Natasha howls an incantation.
Natasha glows brightly for a moment.
Your transformation is almost over.
Natasha mewls in sadness.
The shadow imp disappears in a puff of smoke!
Natasha casts a spell.
You feel less batty.
Your +2 dagger unmelds from your body.
There is an escape hatch in the floor here.
Your adder barely misses Natasha.
Natasha claws your adder.
Your adder dies!
Your adder's corpse dissolves into shadows!
Natasha zaps a wand.
You turn into a bat.
Your +2 dagger melds into your body.
You feel yourself speed up.
Natasha stares at you and mumbles some strange words.
You feel yourself slow down.
Natasha stares at you and mumbles some strange words.
The magic dart hits you!
* * * LOW HITPOINT WARNING * * *
You start to feel less resistant.
Natasha casts a spell at you. You resist with some effort.
Natasha stares at you and mumbles some strange words.
The magic dart hits you!
You die...

.## #...# #..##....S.h...... ##
###h########....w..g5...#...
########...............###.....#.
.......####..........#.####.#....
.......####.##########..###.#.#..
.|.....##...# ##............#
.........h### ##..##.....#####
........##########..####...##
...........h....b..###......#
.........##########....#.##.#####
..............###...####.##....##
......#######.....### ##>#####..#
......# #..########..# ##..
#..#### ###...........## #..
##..# #...######..###### #.# ##.#
#.### #.........####.# #.# ##.#
####.#######.......


You could see Natasha.

Vanquished Creatures
  Sigmund (D:2)
  Terence (D:2)
  Natasha (twice) (D:2)
  2 adders (D:2)
  5 dart slugs
  2 ball pythons
  3 giant cockroaches
  5 goblins
  4 hobgoblins
  6 jackals
  A bat (D:2)
  A frilled lizard (D:1)
  7 rats
40 creatures vanquished.

Notes
Turn   | Place    | Note
-------+----------+-------------------------------------------
     0 | D:1      | iNFECTIOUSiTCH the Octopode Brigand began the quest for the
                  | Orb.
     0 | D:1      | Reached XP level 1. HP: 14/14 MP: 1/1
    27 | D:1      | Found a faded altar of an unknown god.
   125 | D:1      | Reached XP level 2. HP: 18/19 MP: 2/2
   463 | D:2      | Noticed Sigmund
   464 | D:2      | Noticed Natasha
   472 | D:2      | Killed Sigmund
   473 | D:2      | Reached skill level 6 in Stealth
   473 | D:2      | Reached XP level 3. HP: 4/25 MP: 3/3
   473 | D:2      | Reached XP level 4. HP: 5/30 MP: 4/4
   473 | D:2      | Reached XP level 5. HP: 7/36 MP: 5/5
   494 | D:2      | Killed Natasha
   495 | D:2      | Reached skill level 7 in Stealth
   783 | D:2      | Noticed Terence
   789 | D:2      | Killed Terence
   790 | D:2      | Reached XP level 6. HP: 42/42 MP: 6/6
  1207 | D:2      | Noticed Natasha
  1211 | D:2      | Killed Natasha
  1220 | D:2      | Found an ancient bone altar of Kikubaaqudgha.
  1327 | D:2      | Noticed Natasha
  1419 | D:2      | Killed from afar by Natasha

Illustrated notes

Levels and vault maps discovered:
D:1:      dpeg_arrival_rooms_with_view, layout_rooms,
          shapermc_ecumenical_altar_mp_highgroup
D:2:      layout_rooms, basic_altar, uniq_terence, uniq_sigmund, uniq_natasha

Skill      XL: |  1  2  3  4  5  6 |
---------------+-------------------+-----
Dodging        | 3 |  3.5
Stealth        | 6 7 |  7.4
Fighting       | 3 |  3.1
Short Blades   | 3 |  3.0
Throwing       | |  2.0

Action                   |  1- 3 |  4- 6 || total
-------------------------+-------+-------++-------
Melee: Dagger            |    27 |    53 ||    80
       Constrict         |     9 |    16 ||    25
       Tentacles         |     7 |    12 ||    19
       Unarmed           |       |    17 ||    17
       Punch             |       |     1 ||     1
  Use: Potion            |       |     3 ||     3
       Scroll            |       |     1 ||     1
 Stab: Sleeping          |     2 |     7 ||     9
       Distracted        |       |     2 ||     2
Armor: Skin              |     1 |     6 ||     7
Dodge: Dodged            |    19 |    57 ||    76

Table legend: (Time is in decaauts)
 A = Elapsed time spent in this place.
 B = Non-inter-level travel time spent in this place.
 C = Inter-level travel time spent in this place.
 D = Time resting spent in this place.
 E = Time spent auto-exploring this place.
 F = Levels seen in this place.
 G = Mean time per level.
                   A        B        C        D        E       F      G
               +--------+--------+--------+--------+--------+-----+--------+
         Total |   1412 |   1402 |     10 |      0 |   1052 |   2 |  706.0 |
       Dungeon |   1412 |   1402 |     10 |      0 |   1052 |   2 |  706.0 |
               +--------+--------+--------+--------+--------+-----+--------+

Top non-repeatable levels by time:
     D:2: 982 daAuts
     D:1: 429 daAuts
